 Dungeon Crawl Stone Soup version 0.29-a0-477-g62b78b4225 (webtiles) character file.

Game seed: 2161702379332586053

27 hquester the Sneak (level 2, 0/13 HPs)
             Began as a Spriggan Conjurer on May 24, 2022.
             Killed from afar by Sigmund (13 damage)
             ... with a puff of flame
             ... on level 2 of the Dungeon.
             The game lasted 00:04:13 (1105 turns).

hquester the Sneak (Spriggan Conjurer)              Turns: 1105, Time: 00:04:14

Health: 0/13       AC:  2    Str:  3    XL:     2   Next: 93%
Magic:  7/7        EV: 17    Int: 19    God:
Gold:   35         SH:  0    Dex: 13    Spells: 6/7 levels left

rFire   . . .      SeeInvis +   d - +0 dagger
rCold   . . .      Faith    .   (no shield)
rNeg    . . .      Spirit   .   a - +0 robe
rPois   .          Reflect  .   (helmet restricted)
rElec   .          Harm     .   (no cloak)
rCorr   .          Rampage  .   (gloves unavailable)
Will    .....                   (boots unavailable)
Stlth   ++........              (no amulet)
HPRegen 0.04/turn               (no ring)
MPRegen 0.10/turn               (no ring)

@: very quick
A: very small, no large weapons, unfitting armour, see invisible, speed 3
a: no special abilities


You were on level 2 of the Dungeon.
You visited 1 branch of the dungeon, and saw 2 of its levels.

You collected 35 gold pieces.

Inventory:

Hand Weapons
 d - a +0 dagger (weapon)
Armour
 a - a +0 robe (worn)
Scrolls
 c - a scroll of vulnerability {unknown}
 e - 2 scrolls of identify {unknown}
 f - 2 scrolls of teleportation {unknown}
 h - a scroll of blinking {unknown}
Potions
 b - a potion of magic
 g - a potion of degeneration {unknown}
 i - a potion of curing {unknown}
 j - a potion of cancellation {unknown}


   Skills:
 + Level 0.7 Short Blades
 + Level 3.2 Dodging
 + Level 3.6 Stealth
 + Level 3.1 Spellcasting
 + Level 3.1 Conjurations


You had 6 spell levels left.
You knew the following spells:

 Your Spells              Type           Power      Damage    Failure   Level
a - Magic Dart            Conj           56%        1d5       4%          1

Your spell library contained the following spells:

 Spells                   Type           Power      Damage    Failure   Level
 Searing Ray              Conj           28%        2d5       6%          2
 Dazzling Flash           Conj/Hex       16%        N/A       24%         3
 Fulminant Prism          Conj/Hex       4%         3d6       61%         4
 Iskenderun's Mystic Bla  Conj/Tloc      8%         2d4       61%         4


Dungeon Overview and Level Annotations

Branches:
Dungeon (2/15)

Altars:
Gozag

Annotations:
D:2 Sigmund


Innate Abilities, Weirdness & Mutations

You are very small and have problems with some larger weapons.
You are too small for most types of armour.
You have supernaturally acute eyesight. (SInv)
You cover ground extremely quickly. (Speed+++)


Message History

The great orb of eyes turns its gaze towards you.
Things that are here:
a +0 short sword; a kobold corpse The great orb of eyes pulsates ominously.
The great orb of eyes pulsates ominously.
Things that are here:
a +0 short sword; a kobold corpse A hobgoblin comes into view.
Casting: Magic Dart (safe; 4% risk of failure)
Confirm with . or Enter, or press ? or * to list all spells.
Aiming: Magic Dart (safe; 4% risk of failure)
Press: ? - help, Shift-Dir - straight line, f - hobgoblin
Aim: a hobgoblin, quivering stones (wandering, hasn't noticed you, 100% to hit)
The magic dart hits the hobgoblin.
The hobgoblin is heavily wounded.
The hobgoblin shouts!
Casting: Magic Dart (safe; 4% risk of failure)
Confirm with . or Enter, or press ? or * to list all spells.
Aiming: Magic Dart (safe; 4% risk of failure)
Press: ? - help, Shift-Dir - straight line, f/p - hobgoblin
Aim: a hobgoblin, quivering stones (heavily wounded, 100% to hit)
The magic dart hits the hobgoblin.
You kill the hobgoblin!
A rat comes into view.
Casting: Magic Dart (safe; 4% risk of failure)
Confirm with . or Enter, or press ? or * to list all spells.
Aiming: Magic Dart (safe; 4% risk of failure)
Press: ? - help, Shift-Dir - straight line, f - rat
Aim: a rat (wandering, hasn't noticed you, 100% to hit)
The magic dart hits the rat.
You kill the rat!
Things that are here:
a +0 club; 3 stones; a kobold corpse You see here a viscous cyan potion.
j - a viscous cyan potion Sigmund shouts!
Sigmund gestures at you while chanting. The puff of flame hits you!
Ouch! That really hurt!
You die...

.......# #### ..†.[..#
..#
.......#####.#########
....>.................
##.#.†....>.......@.#
...#...#####.###..#.
######.#..........#
#.#.####.....# #.#
#.....#@.#.#
#.#.#........#.#
#.#.#####.#.##.#
#..............###
######......##.#......#
............##.#......#
####...........(......#
#.###...###..)..####
..#G#...#G#.#...####


You could see Sigmund.

Vanquished Creatures
  A dart slug (D:1)
  3 endoplasms
  A giant cockroach (D:1)
  3 goblins (D:1)
  3 hobgoblins
  3 kobolds
  A ball python (D:1)
  7 frilled lizards
  3 rats (D:2)
25 creatures vanquished.

Notes
Turn   | Place    | Note
-------+----------+-------------------------------------------
     0 | D:1      | hquester the Spriggan Conjurer began the quest for the Orb.
     0 | D:1      | Reached XP level 1. HP: 9/9 MP: 5/5
   230 | D:1      | Reached XP level 2. HP: 13/13 MP: 4/6
   877 | D:2      | Found an opulent altar of Gozag.
   936 | D:2      | Noticed Sigmund
   948 | D:2      | Noticed an eye of devastation
   949 | D:2      | Found a faded altar of an unknown god.
   994 | D:2      | Noticed a shining eye
  1000 | D:2      | Noticed a great orb of eyes
  1000 | D:2      | Noticed a great orb of eyes
  1105 | D:2      | Killed from afar by Sigmund

Illustrated notes

Levels and vault maps discovered:
D:1:      lightli_arrival_chessboard, layout_loops_ring
D:2:      layout_basic, basic_altar, hellmonk_ecumenical_altar_watching_god,
          minmay_rat_gold_closets, uniq_sigmund

Skill      XL: |  1  2 |
---------------+-------+-----
Conjurations   | 3 |  3.1
Dodging        | 3 |  3.2
Spellcasting   | 3 |  3.1
Short Blades   | |  0.7
Stealth        | |  3.6

Action                   || total
-------------------------++-------
Melee: Dagger            ||     5
 Cast: Magic Dart        ||    43
 Stab: Sleeping          ||     2
Dodge: Dodged            ||     4

Table legend: (Time is in decaauts)
 A = Elapsed time spent in this place.
 B = Non-inter-level travel time spent in this place.
 C = Inter-level travel time spent in this place.
 D = Time resting spent in this place.
 E = Time spent auto-exploring this place.
 F = Levels seen in this place.
 G = Mean time per level.
                   A        B        C        D        E       F      G
               +--------+--------+--------+--------+--------+-----+--------+
         Total |    853 |    838 |     15 |    220 |    480 |   2 |  426.5 |
       Dungeon |    853 |    838 |     15 |    220 |    480 |   2 |  426.5 |
               +--------+--------+--------+--------+--------+-----+--------+

Top non-repeatable levels by time:
     D:1: 636 daAuts
     D:2: 216 daAuts
